 Dungeon Crawl Stone Soup version 0.31-a0-472-g43a2ca8e1b (webtiles) character file.

Game seed: 3285817073377794259

1172 Ethylacetat the Changeling (level 8, -5/54 HPs)
             Began as an Octopode Shapeshifter on Aug 5, 2023.
             Was an Initiate of Gozag.
             Killed by nerve-wracking pain
             ... invoked by an orc priest
              (14 damage)
             ... on level 6 of the Dungeon.
             The game lasted 00:06:30 (5309 turns).

Ethylacetat the Changeling (Octopode Shapeshifter)  Turns: 5309, Time: 00:06:30

Health: -5/54      AC:  1    Str: 14    XL:     8   Next: 41%
Magic:  8/8        EV: 13    Int: 10    God:    Gozag
Gold:   368        SH:  0    Dex: 15    Spells: 7/7 levels left

rFire   . .          .
                       - Unarmed
rCold   . . .        (no shield)
rNeg    . . .        (helmet currently unavailable)
rPois   .            (no amulet)
rElec   .            r - +4 ring of slaying
rCorr   .            (no ring)
SInv    .            (no ring)
Will    .....        (no ring)
Stlth   ++           (no ring)
HPRegen 0.29/turn    (no ring)
MPRegen 0.11/turn    (no ring)
                     (no ring)

%: no passive effects
@: beast-form, gold aura
A: beast (slay +4), almost no armour, amphibious, 8 rings, camouflage 1,
gelatinous body 1, (nimble swimmer 1), tentacles
a: Begin Untransformation, Renounce Religion, Potion Petition, Call Merchant,
Bribe Branch


You were on level 6 of the Dungeon.
You worshipped Gozag.
Gozag was aware of your devotion.
You were a hulking beast.
You visited 2 branches of the dungeon, and saw 7 of its levels.

You collected 472 gold pieces.
You paid 104 gold pieces to Gozag.

Inventory:

Jewellery
 o - the Hermit's Pendant {Faith Invo=14 Evo=0 MP+5}
   (You found it on level 3 of the Dungeon)

   [amulet of faith]

   Invo=14: It sets your Invocations skill to 14.
   Evo=0: It sets your Evocations skill to 0.
   It allows you to gain divine favour quickly.
   MP:        It affects your magic capacity (+5).
 r - a +4 ring of slaying (left tentacle)
Talismans
 b - a beast talisman (active)
Wands
 n - a wand of flame (16)
 u - a wand of iceblast (3)
Scrolls
 c - 3 scrolls of teleportation {unknown}
 d - 4 scrolls of identify {unknown}
 f - a scroll of enchant weapon {unknown}
 k - a scroll of fog {unknown}
 l - a scroll of amnesia {unknown}
 m - a scroll of vulnerability {unknown}
 p - 2 scrolls of enchant armour {unknown}
 q - a scroll of poison {unknown}
 s - a scroll of revelation {unknown}
 t - a scroll of noise {unknown}
Potions
 a - a potion of lignification
 e - a potion of resistance {unknown}
 g - a potion of brilliance
 h - 4 potions of curing {unknown}
 i - a potion of enlightenment {unknown}
 j - a potion of invisibility {unknown}


   Skills:
 + Level 4.8 Fighting
 - Level 2.0 Dodging
 + Level 5.6 Unarmed Combat
 * Level 6.5 Shapeshifting


You had 7 spell levels left.
You didn't know any spells.
Your spell library contained the following spells:

 Spells                   Type           Power      Damage    Failure   Level
 Magic Dart               Conj           0%         1d3       36%         1
 Ensorcelled Hibernation  Hex/Ice        0%         N/A       50%         2
 Passwall                 Tmut/Erth      0%         N/A       50%         2
 Searing Ray              Conj           0%         2d4       50%         2
 Ignite Poison            Fire/Tmut/Pois 0%         N/A       75%         3
 Summon Guardian Golem    Hex/Summ       0%         N/A       75%         3
 Swiftness                Air            0%         N/A       75%         3
 Fulminant Prism          Conj/Hex       0%         3d5       98%         4
 Summon Lightning Spire   Summ/Air       0%         N/A       98%         4
 Lee's Rapid Deconstruct  Erth           0%         3d4*      100%        5
 Yara's Violent Unravell  Hex/Tmut       0%         3d3       100%        5
 Orb of Destruction       Conj           0%         9d5       100%        7
 Spellforged Servitor     Conj/Summ      0%         N/A       100%        7
 Discord                  Hex            0%         N/A       100%        8
 Animate Armour           Summ/Erth      Unusable   N/A       N/A         4

Dungeon Overview and Level Annotations

Branches:
Dungeon (6/15)             Temple (1/1) D:5

Altars:
Cheibriados
Dithmenos
Elyvilon
Fedhas
Gozag
Hepliaklqana
Kikubaaqudgha
Makhleb
Nemelex Xobeh
Okawaru
Qazlal
Ru
Sif Muna
Trog
Uskayaw
Vehumet
Wu Jian
Xom
Yredelemnul
Zin


Innate Abilities, Weirdness & Mutations

You are a hulking beast.
Your limbs bulge with bestial killing power. (Slay +4)
You cannot wear most types of armour.
You are amphibious.
You can wear up to eight rings at the same time.
Your skin changes colour to match your surroundings (Stealth+).
Your rubbery body absorbs attacks. (AC +1, EV +1)
((You are camouflaged when in or above water. (Stealth+)))
You have tentacles for arms and can constrict up to eight enemies at once.


Message History

You kill the orc!
An orc priest comes into view. It is wielding a +0 flail.
The orc priest mumbles some strange prayers to Beogh against you.
Pain shoots through your body!
The orc priest mumbles some strange prayers to Beogh against you.
Beogh smites you!
The orc priest shouts!
Things that are here:
7 gold pieces; a +0 flail Unknown command.
Aiming: Iceblast
Press: ? - help, Shift-Dir - straight line, f - orc priest
Aim: an orc priest, wielding a +0 short sword and wearing a +0 ring mail The mass of ice explodes!
The iceblast engulfs the orc priest.
The orc priest is moderately wounded.
The iceblast engulfs the orc priest!
The orc priest is severely wounded.
The iceblast engulfs the orc!
You kill the orc!
The orc priest looks braver for a moment.
The orc priest calls down the wrath of Beogh upon you.
Beogh smites you!
* * * LOW HITPOINT WARNING * * *
Aiming: Iceblast
Press: ? - help, Shift-Dir - straight line, f/p - orc priest
Aim: an orc priest, wielding a +0 short sword and wearing a +0 ring mail (moderately wounded)
The mass of ice explodes!
The iceblast engulfs the orc priest.
The orc priest is severely wounded.
The iceblast engulfs the orc priest!
You kill the orc priest!
You feel your dexterity returning.
Aiming: Throw Flame
Press: ? - help, Shift-Dir - straight line, f/p - orc priest
Aim: an orc priest, wielding a +0 short sword and wearing a +0 ring mail (severely wounded, 72% to hit)
The puff of flame hits the orc priest but does no damage.
The orc priest is severely wounded.
The orc priest calls down the wrath of Beogh upon you.
Pain shoots through your body!
You die...
Your body crumbles into a pile of gold.

....######+##....# #
....##.....##...<#
.....)......#....#
....).......#....#
......).....#...## #
............#...# .##.
#...##.....###### $....
#...#########...##...... $
#...# ..........h.o$.# #...#
..........##...# ###### #...#
..........#######...... #...#
.....##................
#...#########................
.....'.......................
.....#.......................
.....#.........>.............
#############################


You could see an orc priest.

Vanquished Creatures
  An orc warrior (D:4)
  A sky beast (D:6)
  3 ogres (D:5)
  A phantom (D:4)
  2 scorpions
  3 quasits (D:5)
  3 orc priests
  A sleepcap (D:6)
  4 orc wizards
  A gnoll (D:1)
  5 adders
  A shadow imp (D:5)
  2 white imps (D:5)
  7 ufetubi (D:5)
  A worm (D:2)
  4 dart slugs
  16 orcs
  8 ball pythons
  5 bats
  9 endoplasms
  3 giant cockroaches
  7 goblins
  3 hobgoblins
  4 jackals (D:1)
  3 quokkas
  3 frilled lizards
  5 kobolds
  6 rats
112 creatures vanquished.

Notes
Turn   | Place    | Note
-------+----------+-------------------------------------------
     0 | D:1      | Ethylacetat the Octopode Shapeshifter began the quest for
                  | the Orb.
     0 | D:1      | Reached XP level 1. HP: 13/13 MP: 1/1
    55 | D:1      | Reached XP level 2. HP: 16/18 MP: 2/2
   206 | D:1      | Got Aplausch's Teachings on Fetching Evolution
   380 | D:1      | Reached XP level 3. HP: 10/23 MP: 3/3
   898 | D:2      | Found a shadowy altar of Dithmenos.
  1143 | D:2      | Reached XP level 4. HP: 22/29 MP: 4/4
  2095 | D:3      | Found the Hermit's Pendant {Faith Invo=14 Evo=0 MP+5}
  2130 | D:3      | Reached skill level 4 in Shapeshifting
  2693 | D:4      | Found a sparkling altar of Nemelex Xobeh.
  2698 | D:4      | Noticed a scorpion
  2704 | D:4      | Killed a scorpion
  2705 | D:4      | Reached XP level 5. HP: 27/35 MP: 5/5
  2866 | D:4      | Noticed an orc warrior
  2898 | D:4      | Killed an orc warrior
  2899 | D:4      | Reached XP level 6. HP: 29/42 MP: 6/6
  3238 | D:4      | Reached skill level 5 in Shapeshifting
  3446 | D:4      | Reached XP level 7. HP: 35/46 MP: 7/7
  3940 | D:5      | Entered Level 5 of the Dungeon
  3991 | D:5      | Reached skill level 5 in Unarmed Combat
  4170 | D:5      | Found a staircase to the Ecumenical Temple.
  4179 | Temple   | Entered the Ecumenical Temple
  4189 | Temple   | Became a worshipper of Gozag Ym Sagoz the Greedy
  4209 | D:5      | Reached skill level 6 in Shapeshifting
  4209 | D:5      | Reached XP level 8. HP: 38/54 MP: 8/8
  5309 | D:6      | Killed from afar by an orc priest

Illustrated notes

Levels and vault maps discovered:
D:1:      noname_arrival_rooms_in_the_neighbourhood, layout_basic,
          minmay_surrounded
D:2:      layout_basic, basic_altar, item_on_display_a
D:3:      layout_basic
D:4:      layout_basic, nemelex_xobeh_ov_fountains_minmay,
          guppyfry_early_orc_mine
D:5:      layout_loops_ring, minmay_temple_entry_ruins, serial_demonic,
          serial_demonic_e, serial_demonic_f, serial_demonic_d,
          serial_demonic_g, serial_demonic_b, serial_demonic_f, serial_demonic_a
D:6:      layout_gridville, serial_shops, nicolae_shop_drivethru,
          hangedman_abyss_or_decor_slice
Temple:   hellmonk_temple_of_storms

Skill      XL: |  1  2  3  4  5  6  7 |
---------------+----------------------+-----
Fighting       | 2 3 4 |  4.8
Shapeshifting  | 4 5 6 |  6.5
Unarmed Combat | 4 5 |  5.6
Dodging        | |  2.0

Action                     |  1- 3 |  4- 6 |  7- 9 || total
---------------------------+-------+-------+-------++-------
  Melee: Unarmed           |    62 |    96 |   103 ||   261
         Constrict         |    17 |    14 |    19 ||    50
         Tentacles         |    14 |    15 |    23 ||    52
         Punch             |     1 |     1 |     7 ||     9
  Evoke: Wand              |       |       |     3 ||     3
    Use: Potion            |       |     3 |     1 ||     4
   Stab: Sleeping          |    12 |     7 |     1 ||    20
 Armour: Skin              |     2 |    16 |    50 ||    68
  Dodge: Dodged            |    32 |    30 |    85 ||   147

Table legend: (Time is in decaauts)
 A = Elapsed time spent in this place.
 B = Non-inter-level travel time spent in this place.
 C = Inter-level travel time spent in this place.
 D = Time resting spent in this place.
 E = Time spent auto-exploring this place.
 F = Levels seen in this place.
 G = Mean time per level.
                   A        B        C        D        E       F      G
               +--------+--------+--------+--------+--------+-----+--------+
         Total |   5288 |   5130 |    158 |    259 |   4222 |   7 |  755.4 |
       Dungeon |   5267 |   5127 |    140 |    259 |   4222 |   6 |  877.8 |
        Temple |     20 |      2 |     18 |      0 |      0 |   1 |   20.0 |
               +--------+--------+--------+--------+--------+-----+--------+

Top non-repeatable levels by time:
     D:4: 1268 daAuts
     D:5: 987 daAuts
     D:3: 923 daAuts
     D:1: 894 daAuts
     D:2: 841 daAuts
     D:6: 350 daAuts
  Temple: 20 daAuts
